 Dungeon Crawl Stone Soup version 0.30-b1-2-g02819fbbbe (webtiles) character file.

Game seed: 1480089286879041307

133 nightchill the Trooper (level 4, -3/37 HPs)
             Began as a Demonspawn Fighter on Sept 10, 2023.
             Slain by Sigmund
             ... wielding a +0 scythe
              (7 damage)
             ... on level 3 of the Dungeon on Sept 11, 2023.
             The game lasted 00:06:15 (2161 turns).

nightchill the Trooper (Demonspawn Fighter)         Turns: 2161, Time: 00:06:16

Health: -3/37      AC: 10    Str: 19    XL:     4   Next: 94%
Magic:  4/4        EV:  7    Int:  9    God:
Gold:   102        SH:  4    Dex: 12    Spells: 3/3 levels left

rFire   . . .        a - +0 war axe
rCold   . . .        c - +0 buckler
rNeg    . . .        k - +0 chain mail
rPois   .            (helmet restricted)
rElec   .            (no cloak)
rCorr   .            (no gloves)
SInv    .            (no boots)
Will    .....        (no amulet) Stlth
                     (no ring)
HPRegen 0.26/turn    (no ring)
MPRegen 0.09/turn

%: no passive effects
@: no status effects
A: horns 1, thin metallic scales 1, ignite blood 1
a: no special abilities


You were on level 3 of the Dungeon.
You visited 1 branch of the dungeon, and saw 3 of its levels.

You collected 102 gold pieces.

Inventory:

Hand Weapons
 a - a +0 war axe (weapon)
Armour
 c - a +0 buckler (worn)
 k - a +0 chain mail (worn)
 l - the +1 robe of Polytheism {+Blink Str+5 Slay+3 Stlth-}
   (You took it off a goblin on level 2 of the Dungeon)

   Str:       It affects your strength (+5).
   Slay:      It affects your accuracy & damage with ranged weapons and melee
   (+3).
   +Blink:    It lets you blink.
   Stlth:     It makes you less stealthy.
Jewellery
 j - a ring of fire
 p - a +5 ring of evasion
Scrolls
 f - 3 scrolls of identify {unknown}
 g - 2 scrolls of fear {unknown}
 h - 2 scrolls of enchant armour {unknown}
 i - 4 scrolls of teleportation {unknown}
 m - 2 scrolls of torment {unknown}
 n - a scroll of butterflies {unknown}
 o - a scroll of blinking {unknown}
 q - a scroll of immolation {unknown}
 s - a scroll of vulnerability {unknown}
Potions
 b - a potion of degeneration {unknown}
 r - a potion of attraction {unknown}


   Skills:
 + Level 4.0 Fighting
 * Level 4.0 Axes
 - Level 2.6 Armour
 - Level 2.6 Shields


You had 3 spell levels left.
You didn't know any spells.
Your spell library contained the following spells:

 Spells                   Type           Power      Damage    Failure   Level
 Kiss of Death            Conj/Necr      0%         2d5       99%         1


Dungeon Overview and Level Annotations

Branches:
Dungeon (3/15)

Altars:

Annotations:
D:3 Sigmund


Innate Abilities, Weirdness & Mutations

You have a pair of small horns on your head.
You are partially covered in thin metallic scales. (AC +2)
Your demonic aura sometimes causes spilled blood to erupt in flames.


Message History

Something hits you but does no damage.
You slash the adder!
You kill the adder!
A magic dart appears from out of thin air!
The magic dart hits you.
* * * LOW HITPOINT WARNING * * *
Your Axes skill increases to level 4!
It was a potion of curing.
You feel better. Something hits you but does no damage.
Sigmund appears from thin air!
Reactivating autopickup.
Sigmund hits you but does no damage.
Items here: ) †††.
You closely miss Sigmund.
Sigmund mumbles some strange words.
Sigmund flickers and vanishes!
Deactivating autopickup; reactivate with Ctrl-A.
You hear some strange, mumbled words.
A puff of flame appears from out of thin air!
The puff of flame hits you!
* * * LOW HITPOINT WARNING * * *
You hit something but do no damage. Something hits you but does no damage.
Something hits you.
* * * LOW HITPOINT WARNING * * *
You feel better.
You hear some strange, mumbled words.
You are confused.
You feel better. Something hits you but does no damage.
You closely miss something. Your headbutt misses something. Something hits you.
You hit something. Something hits you!
* * * LOW HITPOINT WARNING * * *
Something hits you but does no damage.
You hit something but do no damage. Something hits you but does no damage.
You closely miss something. Your headbutt misses something.
Something hits you but does no damage.
You barely miss something. Something hits you but does no damage.
Something hits you!
* * * LOW HITPOINT WARNING * * *
You slash something! Something hits you!
You die...

#..
#..##..######
....
#...........#
...#
........####)#
# ....
...####.# #.#
.# .. #.#
#.##.# . #.#
#...# ##.#
#.##.#
...##..####.#
.#
.....)J{@°..#
#
.#.##(○####.#
#.. #.# #..
#.# <.. #.#
##.# #.. #.
[... #. #..##
#..#


You could see an endoplasm.

Vanquished Creatures
  Terence (D:3)
  4 adders
  3 worms
  3 dart slugs
  4 ball pythons
  3 endoplasms
  2 giant cockroaches
  7 goblins
  5 hobgoblins
  9 jackals
  2 quokkas (D:2)
  5 bats
  2 frilled lizards (D:1)
  A kobold (D:1)
  4 rats
55 creatures vanquished.

Notes
Turn   | Place    | Note
-------+----------+-------------------------------------------
     0 | D:1      | nightchill the Demonspawn Fighter began the quest for the
                  | Orb.
     0 | D:1      | Reached XP level 1. HP: 18/18 MP: 1/1
   135 | D:1      | Found a faded altar of an unknown god.
   149 | D:1      | Got Plato's Anthology of Malevolent Rituals
   162 | D:1      | Gained mutation: You have a pair of small horns on your
                  | head. [demonic ancestry]
   162 | D:1      | Reached XP level 2. HP: 23/24 MP: 2/2
   651 | D:1      | Gained mutation: You are partially covered in thin metallic
                  | scales. (AC +2) [demonic ancestry]
   651 | D:1      | Reached XP level 3. HP: 28/29 MP: 3/3
  1157 | D:2      | Identified the +1 robe of Polytheism {+Blink Str+5 Slay+3
                  | Stlth-}
  1664 | D:2      | Gained mutation: Your demonic aura sometimes causes spilled
                  | blood to erupt in flames. [demonic ancestry]
  1664 | D:2      | Reached XP level 4. HP: 36/37 MP: 4/4
  2108 | D:3      | Noticed Terence
  2111 | D:3      | Noticed Sigmund
  2116 | D:3      | Killed Terence
  2161 | D:3      | Slain by Sigmund

Illustrated notes

Levels and vault maps discovered:
D:1:      dpeg_arrival_prison, layout_loops_corners,
          shapermc_ecumenical_altar_rom_forum, minmay_ruptured
D:2:      layout_basic, kennysheep_generic_room_3
D:3:      layout_loops_ring, mainiacjoe_overflow_cross_hatched, uniq_sigmund,
          uniq_terence

Skill      XL: |  1  2  3  4 |
---------------+-------------+-----
Axes           | 2 3 4 |  4.0
Fighting       | 4 |  4.0
Armour         | |  2.6
Shields        | |  2.6

Action                     |  1- 3 |  4- 6 || total
---------------------------+-------+-------++-------
  Melee: War axe           |    87 |    44 ||   131
         Headbutt          |     9 |     7 ||    16
    Use: Potion            |       |     4 ||     4
 Armour: Scale mail        |    31 |       ||    31
         Chain mail        |    17 |    22 ||    39
  Dodge: Dodged            |    48 |    10 ||    58
  Block: Buckler           |    15 |     8 ||    23
